 Dungeon Crawl Stone Soup version 0.30-a0-824-g6c64550be9 (webtiles) character file.

Game seed: 3263981840520994514

75 Pimp the Trooper (level 4, -3/37 HPs)
             Began as a Demonspawn Berserker on Feb 27, 2023.
             Was a Believer of Trog.
             Killed from afar by a dart slug (4 damage)
             ... with a slug dart
             ... on level 3 of the Dungeon.
             The game lasted 00:04:28 (2134 turns).

Pimp the Trooper (Demonspawn Berserker)             Turns: 2134, Time: 00:04:29

Health: -3/37      AC:  3    Str: 20    XL:     4   Next: 11%
Magic:  4/4        EV: 10    Int:  8    God:    Trog [**....]
Gold:   139        SH:  6    Dex: 12    Spells: 3/3 levels left

rFire   . . .      SeeInvis .    a - +0 hand axe
rCold   . . .      Faith    .    g - +0 kite shield
rNeg    . . .      Spirit   .    b - +0 animal skin
rPois   .          Reflect  .    (helmet restricted)
rElec   .          Harm     .    (no cloak)
rCorr   .          Rampage  .    (no gloves)
Will    .....                    (no boots)
Stlth   +                        (no amulet)
HPRegen 0.26/turn                (no ring)
MPRegen 0.09/turn                (no ring)

@: no status effects
A: antennae 1, rugged brown scales 1
a: Renounce Religion, Berserk, Trog's Hand


You were on level 3 of the Dungeon.
You worshipped Trog.
Trog was pleased with you.
You visited 1 branch of the dungeon, and saw 3 of its levels.

You collected 139 gold pieces.

Inventory:

Hand Weapons
 a - a +0 hand axe (weapon)
Armour
 b - a +0 animal skin (worn)
 g - a +0 kite shield (worn)
Scrolls
 d - a scroll of enchant armour {unknown}
 e - 2 scrolls of noise {unknown}
 i - a scroll of magic mapping {unknown}
Potions
 c - a potion of flight {unknown}
 f - a potion of mutation {unknown}
 h - 3 potions of heal wounds {unknown}


   Skills:
 + Level 3.6 Fighting
 + Level 3.2 Axes
 + Level 2.5 Armour
 + Level 2.5 Dodging


You had 3 spell levels left.
You didn't know any spells.
Your spell library was empty.

Dungeon Overview and Level Annotations

Branches:
Dungeon (3/15)

Altars:
Uskayaw

Annotations:
D:3 Ijyb


Innate Abilities, Weirdness & Mutations

You have a pair of small antennae on your head.
You are partially covered in rugged brown scales. (AC +1, +3% HP)


Message History

A hobgoblin is nearby!
The hobgoblin shouts!
The hobgoblin closely misses you.
You slash the hobgoblin!
You kill the hobgoblin!
Trog accepts your kill.
You see here a hobgoblin corpse.
You now have 126 gold pieces (gained 15).
You now have 139 gold pieces (gained 13).
Ijyb the Twisted Goblin comes into view.
She is wielding a +0 club, wearing a +2 leather armour of fire resistance and carrying a wand of roots (15).
Found a stone staircase leading down.
Ijyb zaps a wand.
The roots erupt in riotous growth!
The grasping roots grab you! The grasping roots constrict you.
You escape the roots grasp.
Ijyb closely misses you.
You hit Ijyb but do no damage. Ijyb hits you with a +0 club.
Ijyb closely misses you.
You hit Ijyb.
Ijyb is lightly wounded.
Ijyb zaps a wand.
The roots erupt in riotous growth!
The grasping roots grab you!
Ijyb is unaffected.
The grasping roots constrict you.
You hit Ijyb but do no damage.
Ijyb is lightly wounded.
Ijyb hits you with a +0 club. The grasping roots constrict you.
You hit Ijyb.
Ijyb is lightly wounded.
You block Ijyb's attack. The grasping roots constrict you.
* * * LOW HITPOINT WARNING * * *
A dart slug comes into view.
Ijyb hits you with a +0 club.
* * * LOW HITPOINT WARNING * * *
The grasping roots constrict you.
* * * LOW HITPOINT WARNING * * *
The grasping roots release their grip on you.
You miss Ijyb.
Ijyb is lightly wounded.
The dart slug launches a dart at you. The slug dart hits you.
You die...

###### ######....#
#.........#
#........>####
#..g@.........
######.##.w.#
#.##...##.#
###.##... ....###
..#.##..# #.#...
#.#.##..# #.#..###
#.#.##..###.#..##.
#.#.##......#...#.
#.#.###.###.#.....


You could see Ijyb and a dart slug.

Vanquished Creatures
  A gnoll (D:1)
  2 adders
  4 endoplasms
  3 giant cockroaches
  6 goblins
  9 hobgoblins
  2 kobolds (D:2)
  A quokka (D:1)
  6 ball pythons
  2 bats
  4 frilled lizards
  4 rats
44 creatures vanquished.

Notes
Turn   | Place    | Note
-------+----------+-------------------------------------------
     0 | D:1      | Pimp the Demonspawn Berserker began the quest for the Orb.
     0 | D:1      | Reached XP level 1. HP: 18/18 MP: 1/1
   148 | D:1      | Gained mutation: You have a pair of small antennae on your
                  | head. [demonic ancestry]
   148 | D:1      | Reached XP level 2. HP: 22/24 MP: 2/2
   588 | D:1      | Gained mutation: You are partially covered in rugged brown
                  | scales. (AC +1, +3% HP) [demonic ancestry]
   588 | D:1      | Reached XP level 3. HP: 22/29 MP: 3/3
  1290 | D:2      | Reached ** piety under Trog
  1935 | D:3      | Reached XP level 4. HP: 22/37 MP: 4/4
  2024 | D:3      | Found a hide-covered altar of Uskayaw.
  2127 | D:3      | Noticed Ijyb
  2133 | D:3      | HP: 1/37 [constriction (5)]
  2134 | D:3      | Killed from afar by a dart slug

Illustrated notes

Levels and vault maps discovered:
D:1:      elethiomel_arrival_maze, layout_basic
D:2:      layout_loops_cross
D:3:      layout_basic, mainiacjoe_overflow_catwalk,
          ebering_ecumenical_altar_webs, kennysheep_generic_room_7, uniq_ijyb,
          uniq_jessica, uniq_grinder

Skill      XL: |  1  2 |
---------------+-------+-----
Armour         | 2 |  2.5
Dodging        | 2 |  2.5
Axes           | 3 |  3.2
Fighting       | |  3.6

Action                     |  1- 3 |  4- 6 || total
---------------------------+-------+-------++-------
  Melee: Hand axe          |   131 |     8 ||   139
         Punch             |     1 |       ||     1
   Stab: Sleeping          |     1 |       ||     1
 Armour: Animal skin       |    31 |     1 ||    32
  Dodge: Dodged            |   101 |     3 ||   104
  Block: Kite shield       |    20 |     2 ||    22

Table legend: (Time is in decaauts)
 A = Elapsed time spent in this place.
 B = Non-inter-level travel time spent in this place.
 C = Inter-level travel time spent in this place.
 D = Time resting spent in this place.
 E = Time spent auto-exploring this place.
 F = Levels seen in this place.
 G = Mean time per level.
                   A        B        C        D        E       F      G
               +--------+--------+--------+--------+--------+-----+--------+
         Total |   2164 |   2125 |     39 |    227 |   1506 |   3 |  721.3 |
       Dungeon |   2164 |   2125 |     39 |    227 |   1506 |   3 |  721.3 |
               +--------+--------+--------+--------+--------+-----+--------+

Top non-repeatable levels by time:
     D:1: 1103 daAuts
     D:2: 822 daAuts
     D:3: 237 daAuts
